 Dungeon Crawl Stone Soup version 0.28.0-53-g5a82cb258f (webtiles) character file.

Game seed: 1815520299258297224

23 Doot the Conjurer (level 2, -1/15 HPs)
             Began as a Deep Elf Conjurer on May 28, 2022.
             Slain by Grinder (6 damage)
             ... on level 3 of the Dungeon.
             The game lasted 00:01:20 (380 turns).

Doot the Conjurer (Deep Elf Conjurer)                Turns: 380, Time: 00:01:21

Health: -1/15      AC:  2    Str:  4    XL:     2   Next: 72%
Magic:  2/8        EV: 12    Int: 22    God:
Gold:   29         SH:  0    Dex: 13    Spells: 4/7 levels left

rFire   . . .      SeeInvis .   b - +1 short sword (venom)
rCold   . . .      Faith    .   (no shield)
rNeg    . . .      Spirit   .   a - +0 robe
rPois   .          Reflect  .   (no helmet)
rElec   .          Harm     .   (no cloak)
rCorr   .          Rampage  .   (no gloves)
Will    .....                   (no boots)
Stlth   ++........              (no amulet)
HPRegen 0.05/turn               (no ring)
MPRegen 0.11/turn               (no ring)

@: no status effects
A: no striking features
a: no special abilities


You were on level 3 of the Dungeon.
You visited 1 branch of the dungeon, and saw 4 of its levels.

You collected 29 gold pieces.

Inventory:

Hand Weapons
 b - a +1 short sword of venom (weapon)
Armour
 a - a +0 robe (worn)


   Skills:
 + Level 2.6 Dodging
 + Level 2.6 Stealth
 + Level 3.2 Spellcasting
 + Level 5.1 Conjurations


You had 4 spell levels left.
You knew the following spells:

 Your Spells              Type           Power      Damage    Failure   Level
a - Magic Dart            Conj           100%       1d8       1%          1
b - Searing Ray           Conj           52%        2d6       2%          2

Your spell library contained the following spells:

 Spells                   Type           Power      Damage    Failure   Level
 Dazzling Flash           Conj/Hex       28%        N/A       13%         3
 Fulminant Prism          Conj/Hex       7%         3d7       38%         4
 Iskenderun's Mystic Bla  Conj/Tloc      14%        2d5       38%         4


Dungeon Overview and Level Annotations

Branches:
Dungeon (4/15)
 Temple: D:4-7

Altars:

Annotations:
D:3 Grinder
D:4 Pargi


Message History

Confirm with . or Enter, or press ? or * to list all spells.
Aiming: Magic Dart (safe; 1% risk of failure)
Press: ? - help, Shift-Dir - straight line, f - endoplasm
Aim: an endoplasm (almost dead, 100% to hit)
The magic dart hits the endoplasm.
You kill the endoplasm!
Unknown command.
An adder comes into view.
You closely miss the adder. The adder barely misses you. The adder bites you.
You are poisoned.
The adder poisons you!
You hit the adder but do no damage.
The adder is poisoned.
You feel sick. The adder closely misses you.
Unknown command.
You barely miss the adder.
The adder is lightly wounded.
You feel sick. The adder barely misses you.
Casting: Magic Dart (safe; 1% risk of failure)
Confirm with . or Enter, or press ? or * to list all spells.
Aiming: Magic Dart (safe; 1% risk of failure)
Press: ? - help, Shift-Dir - straight line, f - adder
Aim: an adder (heavily wounded, very poisoned, 100% to hit)
The magic dart hits the adder.
The adder is severely wounded.
You feel sick. The adder barely misses you.
The adder bites you but does no damage.
You closely miss the adder.
The adder is severely wounded.
You feel sick. The adder barely misses you.
Unknown command.
You feel sick.
You are no longer poisoned.
You kill the adder!
Your Conjurations skill increases to level 5!
Grinder comes into view.
The helpless Grinder fails to defend herself.
You hit Grinder.
Grinder is lightly wounded.
Grinder hits you.
You die...

#..........##.#
#..........##.#
#.............#
###................
...................
#######...##.......
...................
##########.###########
......5@.#.#
###.####.#.# #....#.#
#.####.####.#
#...........#
#############


You could see Grinder.

Vanquished Creatures
  An adder (D:3)
  An endoplasm (D:3)
  2 giant cockroaches
  2 hobgoblins
  2 quokkas
  A kobold (D:2)
  5 rats
14 creatures vanquished.

Notes
Turn   | Place    | Note
-------+----------+-------------------------------------------
     0 | D:1      | Doot the Deep Elf Conjurer began the quest for the Orb.
     0 | D:1      | Reached XP level 1. HP: 10/10 MP: 6/6
   234 | D:4      | Noticed Pargi
   305 | D:3      | Reached XP level 2. HP: 12/15 MP: 0/8
   311 | D:3      | Learned a level 2 spell: Searing Ray
   366 | D:3      | Reached skill level 5 in Conjurations
   378 | D:3      | Noticed Grinder
   380 | D:3      | Slain by Grinder

Illustrated notes

Levels and vault maps discovered:
D:1:      grunt_arrival_lava_bath, layout_rooms, minmay_stone_trees_small,
          minmay_worlds_worst_comb
D:2:      layout_basic, ebering_ecumenical_altar_mist, uniq_jessica
D:3:      layout_basic, roderic_lattice_a, minmay_ogre_servants, uniq_grinder
D:4:      layout_cave_pods, cheibrodos_sewer_entry_bend, uniq_ijyb, uniq_pargi

Skill      XL: |  1  2 |
---------------+-------+-----
Conjurations   | 5 |  5.1
Dodging        | |  2.6
Stealth        | |  2.6
Spellcasting   | |  3.2

Action                   || total
-------------------------++-------
Melee: Short sword       ||    10
 Cast: Magic Dart        ||    21
       Searing Ray       ||     1
 Stab: Sleeping          ||     1
Armor: Robe              ||     2
Dodge: Dodged            ||    11
